 Dungeon Crawl Stone Soup version 0.27-a0-909-g0721f309d1 (webtiles) character file.

Game seed: 7300882768935514444

483 mhtbhm the Cudgeller (level 7, -15/66 HPs)
             Began as a Gargoyle Berserker on Apr 8, 2021.
             Was a Believer of Trog.
             Demolished by an orc wizard
             ... wielding a +0 dagger of distortion
              (17 damage)
             ... on level 4 of the Dungeon.
             The game lasted 00:04:12 (4317 turns).

mhtbhm the Cudgeller (Gargoyle Berserker)           Turns: 4317, Time: 00:04:13

Health: -15/66     AC: 15    Str: 23    XL:     7   Next: 12%
Magic:  7/7        EV:  8    Int:  7    God:    Trog [**....]
Gold:   170        SH:  0    Dex:  9    Spells: 6/6 levels left

rFire    . . .     SeeInvis .   a - +2 whip (vamp)
rCold    . . .     Faith    .   (no shield)
rNeg     + . .     Spirit   .   b - +0 chain mail
rPois    ∞         Reflect  .   d - +0 helmet
rElec    +         Harm     .   (no cloak)
rCorr    .         Rampage  .   (no gloves)
Will     +....                  (no boots)
Stlth    ..........             (no amulet)
HPRegen  0.21/turn              e - ring of willpower
MPRegen  0.10/turn              (no ring)

@: berserking, very quick
A: AC +4, negative energy resistance 1, electricity resistance, torment
resistance 1, unbreathing 1, petrification resistance
a: Renounce Religion, Berserk, Trog's Hand


You were on level 4 of the Dungeon.
You worshipped Trog.
Trog was pleased with you.
You visited 1 branch of the dungeon, and saw 4 of its levels.

You collected 170 gold pieces.

Inventory:

Hand Weapons
 a - a +2 vampiric whip (weapon)
Armour
 b - a +0 chain mail (worn)
 d - a +0 helmet (worn)
Jewellery
 e - a ring of willpower (left hand)
Wands
 m - a wand of flame (13)
 n - a wand of acid (6)
Scrolls
 c - a scroll of noise {unknown}
 f - a scroll of identify {unknown}
 i - a scroll of silence {unknown}
 j - a scroll of immolation {unknown}
 k - a scroll of fear {unknown}
 l - a scroll of magic mapping {unknown}
Potions
 g - 2 potions of curing
 h - 2 potions of heal wounds {unknown}
 o - a potion of resistance {unknown}


   Skills:
 + Level 4.7 Fighting
 + Level 6.0 Maces & Flails
 + Level 3.0 Armour
 + Level 3.1 Dodging
 + Level 1.0 Stealth


You had 6 spell levels left.
You didn't know any spells.
Your spell library was empty.

Dungeon Overview and Level Annotations

Branches:
Dungeon (4/15)
 Temple: D:4-7

Altars:

Shops:
D:3 ?


Innate Abilities, Weirdness & Mutations

Your stone body is resilient. (AC +4)
You are immune to poison.
You resist negative energy. (rN+)
You are resistant to electric shocks. (rElec)
You are resistant to unholy torment.
You can survive without breathing.
You are immune to petrification.


Message History

You are too confused!
You are too confused!
You are too confused!
You are too confused!
You are too confused!
You are too confused!
You are too confused!
You are too confused!
You are too confused!
You are too confused!
You are too confused!
You are too confused!
You are too confused!
You bump into the rock wall.
Something hits you. Space warps horribly around you!
The orc closely misses you.
You closely miss the orc.
The orc is almost dead.
Something hits you but does no damage. Space warps horribly around you!
The orc barely misses you. Something hits you but does no damage.
You closely miss something. Something hits you but does no damage.
You barely miss something.
You feel less confused. The orc closely misses you.
You hit something but do no damage. Something completely misses you.
The orc hits you with a +0 flail.
You barely miss something. Something hits you but does no damage.
You blink.
You hit the orc.
You feel better.
You kill the orc!
Trog accepts your kill.
You miss something. Something hits you. Space bends around you.
* * * LOW HITPOINT WARNING * * *
You closely miss something.
A red film seems to cover your vision as you go berserk!
You feel yourself moving faster!
You feel mighty! Something hits you but does no damage.
Space warps horribly around you!
* * * LOW HITPOINT WARNING * * *
You miss something. Something hits you but does no damage.
Space warps horribly around you!
You die...

#÷.....# #......## ..
######..## ..... #....#
.......... # #....##
###........# o. #.....#
#..........# o..
###...###........... ...g
#................. .....
#....@............
......##....{............
..........).)...)........
......#####.............#
....> #............##
.... #.............# ...
###...>.....#.# ##
#...........#
.#..##.###...


There were no monsters in sight!

Vanquished Creatures
  Grinder (D:4)
  A jelly (D:3)
  A bullfrog zombie (D:2)
  A gnoll shaman (D:3)
  An orc priest (D:3)
  Ijyb (D:4)
  4 gnolls (D:3)
  2 adders
  6 dart slugs
  3 orcs
  A bat (D:2)
  5 endoplasms
  10 goblins
  4 hobgoblins (D:2)
  7 jackals (D:2)
  5 quokkas
  9 ball pythons
  3 frilled lizards
  8 kobolds
  7 rats
80 creatures vanquished.

Notes
Turn   | Place    | Note
-------+----------+-------------------------------------------
     0 | D:1      | mhtbhm the Gargoyle Berserker began the quest for the Orb.
     0 | D:1      | Reached XP level 1. HP: 14/14 MP: 1/1
   805 | D:1      | Reached XP level 2. HP: 16/19 MP: 2/2
  1563 | D:2      | Reached XP level 3. HP: 23/23 MP: 3/3
  1708 | D:2      | Reached skill level 4 in Maces & Flails
  1708 | D:2      | Reached XP level 4. HP: 10/29 MP: 4/4
  2014 | D:2      | Reached ** piety under Trog
  2676 | D:3      | Reached XP level 5. HP: 33/33 MP: 5/5
  2719 | D:3      | Reached skill level 5 in Maces & Flails
  2889 | D:3      | Found Walus's Magic Scroll Emporium.
  3033 | D:3      | Found a faded altar of an unknown god.
  3042 | D:3      | Reached XP level 6. HP: 29/39 MP: 6/6
  3456 | D:4      | Noticed Grinder
  3988 | D:4      | Killed Grinder
  3989 | D:4      | Reached skill level 1 in Stealth
  3989 | D:4      | Reached XP level 7. HP: 44/44 MP: 7/7
  4043 | D:4      | Noticed Ijyb
  4055 | D:4      | Killed Ijyb
  4056 | D:4      | Reached skill level 6 in Maces & Flails
  4316 | D:4      | HP: 2/66 [something (15)]
  4317 | D:4      | Demolished by an orc wizard

Illustrated notes

Levels and vault maps discovered:
D:1:      lightli_arrival_quake, layout_loops_ring,
          chequers_serial_rivers_micro_e
D:2:      layout_basic
D:3:      layout_loops_ring, serial_shops, shop, basic_ecumenical_altar
D:4:      layout_rooms, lemuel_temple_firewalk_a, uniq_menkaure, uniq_ijyb,
          uniq_grinder

Skill      XL: |  1  2  3  4  5  6  7 |
---------------+----------------------+-----
Maces & Flails | 4 5 6 |  6.0
Dodging        | 2 3 |  3.1
Fighting       | 4 |  4.7
Stealth        | 1 |  1.0
Armour         | 3 |  3.0

Action                   |  1- 3 |  4- 6 |  7- 9 || total
-------------------------+-------+-------+-------++-------
Melee: Mace              |    88 |    29 |       ||   117
       Whip              |       |   151 |    30 ||   181
Invok: Berserk           |     2 |     5 |     2 ||     9
  Use: Potion            |       |     2 |       ||     2
 Stab: Distracted        |       |     1 |       ||     1
Armor: Animal skin       |    37 |    56 |       ||    93
       Chain mail        |       |    40 |    13 ||    53
Dodge: Dodged            |    57 |   110 |     6 ||   173

Table legend: (Time is in decaauts)
 A = Elapsed time spent in this place.
 B = Non-inter-level travel time spent in this place.
 C = Inter-level travel time spent in this place.
 D = Time resting spent in this place.
 E = Time spent auto-exploring this place.
 F = Levels seen in this place.
 G = Mean time per level.
                   A        B        C        D        E       F      G
               +--------+--------+--------+--------+--------+-----+--------+
         Total |   4406 |   4406 |      0 |   1381 |   2377 |   4 | 1101.5 |
       Dungeon |   4406 |   4406 |      0 |   1381 |   2377 |   4 | 1101.5 |
               +--------+--------+--------+--------+--------+-----+--------+

Top non-repeatable levels by time:
     D:1: 1524 daAuts
     D:3: 1270 daAuts
     D:2: 1178 daAuts
     D:4: 433 daAuts
